 Dungeon Crawl Stone Soup version bcrawl-1.27.3 (webtiles) character file.

Game seed: 5965677796250018681

134500 hurricos the Cudgeler (level 5, 0/30 HPs)
             Began as a Skeleton Skald on Oct 10, 2020.
             Slain by a bullfrog (6 damage)
             ... in a sewer.
             The game lasted 00:04:26 (3038 turns).

hurricos the Cudgeler (Skeleton Skald)              Turns: 3038, Time: 00:04:26

Health: 0/30       AC:  4    Str: 17      XL:     5   Next: 35%
Magic:  0/10       EV: 12    Int: 12      God:
Gold:   173        SH:  2    Dex: 11 (12) Spells: 1/10 levels left

rFire    . . .     SeeInvis .   a - +0 flail
rCold    + . .     Gourm    .   (no shield)
rNeg     + + +     Faith    .   b - +0 leather armour
rPois    ∞         Spirit   +   (no helmet)
rElec    .         Reflect  .   (no cloak)
rCorr    .         Harm     .   (no gloves)
MR       .....                  f - +0 pair of boots
Stlth    +.........             (no amulet)
HPRegen  0.10/turn              c - +3 ring of dexterity
MPRegen  0.12/turn              (no ring)

@: singing, very slightly contaminated
A: no food or potions, cold resistance 1, deterioration 1, negative energy
resistance 3, torment resistance, unbreathing, magic shield, sturdy frame 1,
spell healing
a: no special abilities


You were in a sewer.
You were not hungry.

You visited 1 branch of the dungeon, and saw 3 of its levels.
You also visited: Sewer.

You collected 173 gold pieces.

Inventory:

Hand Weapons
 a - a +0 flail (weapon)
 h - a +0 trident of piercing
 j - a +0 mace
Armour
 b - a +0 leather armour (worn)
 f - a +0 pair of boots (worn)
 i - a +0 chain mail
Jewellery
 c - a +3 ring of dexterity (left hand)
Scrolls
 g - a scroll of immolation {unknown}
 k - a scroll of enchant weapon {unknown}
 l - a scroll of identify


   Skills:
 - Level 2.0 Fighting
 * Level 6.5 Maces & Flails
 - Level 1.1 Armour
 - Level 2.0 Dodging
 + Level 3.4 Spellcasting
 + Level 3.5 Charms


You had one spell level left.
You knew the following spells:

 Your Spells              Type           Power        Failure   Level  Hunger
a - Infusion              Chrm           ##......     5%          1    N/A
o - Ozocubu's Armour      Chrm/Ice       #.......     34%         3    N/A
z - Spectral Weapon       Hex/Chrm       #.......     34%         3    N/A
S - Song of Slaying       Chrm           ##......     9%          2    N/A

Your spell library contained the following spells:

 Spells                   Type           Power        Failure   Level  Hunger
 Regeneration             Chrm/Necr      Unusable     N/A         3    N/A

Dungeon Overview and Level Annotations

Branches:
Dungeon (3/12)

Altars:
Zin


Innate Abilities, Weirdness & Mutations

You do not eat or drink.
You are immune to poison.
Your flesh is cold resistant. (rC+)
Your body sometimes deteriorates upon taking damage.
You are immune to negative energy. (rN+++)
You are immune to unholy pain and torment.
You can survive without breathing.
When hurt, damage is shared between your health and your magic reserves.
Your movements are slightly less encumbered by armour. (ER -2)
Casting spells heals you.


Message History

Multicoloured lights dance before your eyes!
The bullfrog hits you!
You miss the bullfrog. The bullfrog hits you!
Your body deteriorates!
You feel clumsy.
You closely miss the bullfrog. The bullfrog hits you!
* * * LOW HITPOINT WARNING * * *
The bullfrog closely misses you.
Casting: Ozocubu's Armour (safe; 34% risk of failure)
Confirm with . or Enter, or press ? or * to list all spells.
You don't have enough magic to cast that spell.
You barely miss the bullfrog. The bullfrog barely misses you.
You barely miss the bullfrog. The bullfrog barely misses you.
The bullfrog misses you.
You closely miss the bullfrog. The bullfrog barely misses you.
The bullfrog hits you.
* * * LOW HITPOINT WARNING * * *
You sock the bullfrog!
The bullfrog is moderately wounded.
The bullfrog hits you!
You die...

#≈≈≈≈.# #≈≈≈≈≈≈.≈.≈≈≈ ≈≈≈≈≈
#.≈≈≈≈# #≈≈≈≈≈≈≈.?.≈. ≈≈≈≈s
#.≈≈≈≈# #≈≈≈≈≈≈.[$).≈ ≈≈≈≈≈
#.≈≈≈≈# #≈≈≈≈≈≈≈≈?≈≈≈ ≈≈≈≈≈
#.≈≈≈.# #≈≈≈≈≈≈≈≈≈≈≈≈ ≈≈≈≈≈≈
#.≈≈≈.# #≈≈≈≈≈≈≈≈≈≈≈≈≈≈≈≈≈≈≈≈
#.≈≈≈.# #≈≈≈≈≈≈≈≈≈≈≈≈≈≈≈≈≈≈.≈
#≈≈≈≈.#######†≈F≈≈≈≈≈≈≈≈≈≈≈≈≈.≈
#≈≈≈≈.≈≈......@..≈≈≈≈≈≈≈≈≈≈..≈≈
#.≈≈≈≈≈≈≈≈≈≈≈≈≈≈≈≈≈≈≈≈≈≈≈≈≈≈≈≈≈
#.≈≈≈≈≈≈≈≈≈≈≈≈≈≈≈≈≈≈≈≈≈≈≈≈≈≈≈≈≈
#≈≈≈≈≈≈≈≈≈≈≈≈≈≈≈≈≈≈≈≈≈≈≈≈≈≈≈≈≈≈
#≈≈≈≈≈≈.≈..................†...
#≈≈≈≈≈#########################
#.≈≈≈≈########
###.≈≈≈≈≈≈≈≈≈≈.########
≈≈≈≈≈≈≈≈≈≈≈≈≈≈≈†..∩.∩.#


You could see a bullfrog.

Vanquished Creatures
  A bullfrog (Sewer)
  4 adders (Sewer)
  5 worms
  A dart slug (D:2)
  2 leopard geckos
  2 orcs (D:2)
  2 bats
  7 giant cockroaches (Sewer)
  5 goblins
  7 hobgoblins
  8 kobolds
  2 ball pythons
  5 frilled lizards (Sewer)
  7 rats
58 creatures vanquished.

Notes
Turn   | Place    | Note
-------+----------+-------------------------------------------
     0 | D:1      | hurricos the Skeleton Skald began the quest for the Orb.
     0 | D:1      | Reached XP level 1. HP: 12/12 MP: 4/4
    27 | D:1      | Reached skill level 3 in Maces & Flails
    95 | D:1      | Reached XP level 2. HP: 16/17 MP: 6/6
   124 | D:1      | Learned a level 2 spell: Song of Slaying
   713 | D:1      | Reached skill level 4 in Maces & Flails
   981 | D:2      | Reached XP level 3. HP: 5/21 MP: 2/7
  1529 | D:2      | Learned a level 3 spell: Spectral Weapon
  1601 | D:2      | Found a glowing silver altar of Zin.
  2504 | D:3      | Reached skill level 5 in Maces & Flails
  2524 | D:3      | Found a glowing drain.
  2533 | Sewer    | Entered a sewer
  2559 | Sewer    | Reached XP level 4. HP: 20/26 MP: 4/8
  2814 | Sewer    | Noticed a bullfrog
  2833 | Sewer    | Noticed a bullfrog
  2842 | Sewer    | Learned a level 3 spell: Ozocubu's Armour
  2875 | Sewer    | Killed a bullfrog
  2875 | Sewer    | Reached skill level 6 in Maces & Flails
  2875 | Sewer    | Reached XP level 5. HP: 7/30 MP: 2/10
  3038 | Sewer    | Slain by a bullfrog

Skill      XL: |  1  2  3  4 |
---------------+-------------+-----
Maces & Flails | 3 4 5 6 |  6.5
Fighting       | |  2.0
Armour         | |  1.1
Dodging        | |  2.0
Spellcasting   | |  3.4
Charms         | |  3.5

Action                   |  1- 3 |  4- 6 || total
-------------------------+-------+-------++-------
Melee: Mace              |    59 |       ||    59
       Trident           |     3 |       ||     3
       Flail             |    74 |    59 ||   133
 Cast: Song of Slaying   |    22 |     9 ||    31
       Ozocubu's Armour  |       |     2 ||     2
  Use: Scroll            |     1 |     3 ||     4
Armor: Leather armour    |    44 |    23 ||    67
Dodge: Dodged            |    96 |    52 ||   148
Block: Other             |    11 |    16 ||    27
